 Dungeon Crawl Stone Soup version 0.31.0-11-ge490571c62 (webtiles) character file.

Game seed: 5416848273302666301

232 qw the Shooter (level 5, -4/26 HPs)
             Began as a Spriggan Hunter on Feb 5, 2024.
             Slain by a bullfrog (7 damage)
             ... in a sewer.
             The game lasted 00:00:56 (3003 turns).

qw the Shooter (Spriggan Hunter)                    Turns: 3003, Time: 00:00:58

Health: -4/26      AC:  0    Str: 12    XL:     5   Next: 73%
Magic:  6/6        EV: 21    Int: 11    God:
Gold:   175        SH:  0    Dex: 22    Spells: 4/4 levels left

rFire   + + .        a - +1 shortbow (heavy)
rCold   + . .        (shield currently unavailable)
rNeg    + . .        g - +0 robe "Deometod" {Str+5 Dex+2}
rPois   +            c - -2 hat of the Alchemist {rElec rPois rF+ rC+ rN+ Will+ rMut rCorr}
rElec   +            b - scarf {repulsion}
rCorr   +            (gloves unavailable)
SInv    +            (boots unavailable)
Will    +....        (no amulet)
Stlth   +            e - ring of protection from fire
HPRegen 0.24/turn    (no ring)
MPRegen 0.10/turn

%: repel missiles, resist mutation
@: lethally poisoned (-4 -> -8), slow
A: very small, no large weapons, unfitting armour, see invisible, speed 3
a: no special abilities


You were in a sewer.
You visited 1 branch of the dungeon, and saw 4 of its levels.
You also visited: Sewer.

You collected 175 gold pieces.


Innate Abilities, Weirdness & Mutations

You are very small and have problems with some larger weapons.
You are too small for most types of armour.
You have supernaturally acute eyesight. (SInv)
You cover ground extremely quickly. (Speed+++)


   Skills:
 - Level 2.0 Fighting
 + Level 5.8 Ranged Weapons
 - Level 5.3 Dodging
 - Level 1.5 Stealth


You had 4 spell levels left.
You didn't know any spells.
Your spell library was empty.

Inventory:

Hand Weapons
 a - a +1 heavy shortbow (weapon)
Armour
 b - a scarf of repulsion (worn)
 c - the -2 hat of the Alchemist (worn) {rElec rPois rF+ rC+ rN+ Will+ rMut rCorr}
   (You acquired it on level 3 of the Dungeon)

   rF+:       It protects you from fire.
   rC+:       It protects you from cold.
   rElec:     It insulates you from electricity.
   rPois:     It protects you from poison rN+: It protects you from negative
   energy.
   Will+:     It increases your willpower.
   rCorr:     It protects you from acid and corrosion.
   rMut:      It protects you from mutation.
 g - the +0 robe "Deometod" (worn) {Str+5 Dex+2}
   (You found it on level 2 of the Dungeon)

   Str+5:     It affects your strength (+5).
   Dex+2:     It affects your dexterity (+2).
Jewellery
 e - a ring of protection from fire (left hand)
Wands
 k - a wand of charming (8)
Scrolls
 i - a scroll of teleportation
Potions
 f - a potion of might
 h - a potion of mutation
 j - a potion of magic {unknown}

Dungeon Overview and Level Annotations

Branches:
Dungeon (4/15)              Sewer (1/1)
 Temple: D:4-7

Altars:
Makhleb


Message History

You shoot an arrow. The arrow hits the dart slug!!
You kill the dart slug!
You enter the shallow water.
Moving in this stuff is going to be slow.
A ball python comes into view.
You shoot an arrow. The arrow hits the ball python!
You kill the ball python!
You enter the shallow water.
Moving in this stuff is going to be slow.
You enter the shallow water.
Moving in this stuff is going to be slow.
Found a scroll of blinking.
Found a twisted ring mail and two robes.
You enter the shallow water.
Moving in this stuff is going to be slow.
A frilled lizard comes into view.
The frilled lizard hisses angrily.
You hear an angry hiss.
An adder comes into view.
You shoot an arrow. The adder hisses angrily.
The arrow hits the frilled lizard!
You kill the frilled lizard!
A bullfrog comes into view.
A frilled lizard comes into view.
You shoot an arrow. The arrow barely misses the adder.
The bullfrog gives a loud, deep croak!
A bullfrog comes into view.
The adder completely misses you.
Enter note: You shoot an arrow.
The arrow barely misses the adder.
The bullfrog croaks.
The bullfrog hits you. The adder closely misses you.
The bullfrog barely misses you. The adder bites you.
You are poisoned.
The adder poisons you!
You shoot an arrow. The arrow hits the bullfrog!!
The bullfrog is almost dead.
You feel very sick. The bullfrog completely misses you. The bullfrog hits you!
The adder misses you. The bullfrog hits you! x2
You die...

#.~~~~~~~ #. ###
#%~~~~~~~~~~~~ #. #.#
#.~~~~~~~~~[?~ #. #\#
#.~~~~~~~~?B[. #. #.#
#.~~~~~~~~B[%~ #. #\#
#.~~~.~~l~~.~~ #. #.#
#.~~~.~~~~~~.~ #. #.#
#.~~~.S%~~~~~~ #.
##~###.~~~.@F~~~~~~ #.
#.~.##.~~~.#F~~~~~~ #.
#~~~##.~~~.#~~~~~~~ #.
#.~~##.~~~.###~~~~~ #.
#.~~##.~~~.# ##### #%
#~~~##%~~~.# #. #~~~##~~~~~#
#.
##~%~##.~~~.################.
#..~~.~.~~~~~~.....~~~~......


You could see 2 bullfrogs, an adder, 2 giant cockroaches and a frilled lizard.

Vanquished Creatures
  An orc priest (D:3)
  Jessica (D:3)
  An orc wizard (D:3)
  4 adders
  6 dart slugs
  2 ribbon worms (D:3)
  9 orcs (D:3)
  2 bats (D:1)
  5 endoplasms
  11 giant cockroaches
  8 goblins
  3 hobgoblins
  2 jackals (D:1)
  5 quokkas
  5 ball pythons
  6 frilled lizards (Sewer)
  9 kobolds
  4 rats
84 creatures vanquished.

Notes
Turn   | Place    | Note
-------+----------+-------------------------------------------
     0 | D:1      | qw the Spriggan Hunter began the quest for the Orb.
     0 | D:1      | Reached XP level 1. HP: 10/10 MP: 2/2
     0 | D:1      | 0 ||| qw: Version: 0.3-a-160-g6735b56
     0 | D:1      | 0 ||| qw: Game counter: 6230
     0 | D:1      | 0 ||| qw: Melee chars always use a shield: true
     0 | D:1      | 0 ||| qw: God list: Okawaru
     0 | D:1      | 0 ||| qw: Allow faded altars: false
     0 | D:1      | 0 ||| qw: Do Orc after clearing Dungeon:15 true
     0 | D:1      | 0 ||| qw: Do second Lair branch before Depths: true
     0 | D:1      | 0 ||| qw: Lair rune preference: random
     0 | D:1      | 0 ||| qw: Goals: Normal
     0 | D:1      | 0 ||| PLANNING D:1-11
    96 | D:1      | Reached skill level 3 in Dodging
   135 | D:1      | Found a faded altar of an unknown god.
   237 | D:1      | Reached XP level 2. HP: 14/14 MP: 3/3
   838 | D:1      | 838 ||| UPGRADING to ring of protection from fire.
   839 | D:1      | 839 ||| READING scroll labelled VENKEOTOOV.
   840 | D:1      | 840 ||| READING scroll labelled XOUHAS PU JEYWK.
   840 | D:1      | 840 ||| BRANDING +0 shortbow.
   841 | D:1      | 841 ||| DROPPING scroll of butterflies.
   865 | D:2      | Found a burning altar of Makhleb.
   996 | D:2      | Identified the +0 robe "Deometod" {Str+5 Dex+2}
  1421 | D:2      | Reached XP level 3. HP: 18/18 MP: 4/4
  1908 | D:2      | 1908 ||| UPGRADING to scarf of repulsion.
  1913 | D:2      | 1913 ||| UPGRADING to +0 robe "Deometod" {Str+5 Dex+2}.
  1923 | D:2      | 1923 ||| DROPPING +0 robe.
  1924 | D:2      | 1924 ||| READING scroll labelled CEGIOLOESIO.
  1924 | D:2      | 1924 ||| ENCHANTING +0 heavy shortbow.
  1925 | D:2      | 1925 ||| READING 2 scrolls labelled WOIGEI IPTAQOQ.
  1929 | D:2      | 1929 ||| READING 2 scrolls labelled HIUFREE QORRAUNU.
  1929 | D:2      | 1929 ||| IDENTIFYING amethyst potion
  1930 | D:2      | 1930 ||| READING scroll of identify.
  1930 | D:2      | 1930 ||| IDENTIFYING fuming cyan potion
  1931 | D:2      | 1931 ||| READING 3 scrolls labelled ISMEICH LUTOLY.
  1932 | D:2      | 1932 ||| DROPPING 2 scrolls of noise.
  2055 | D:3      | Noticed Jessica
  2056 | D:3      | Killed Jessica
  2057 | D:3      | Reached XP level 4. HP: 22/22 MP: 5/5
  2124 | D:3      | 2124 ||| FLEEEEING.
  2139 | D:3      | 2139 ||| FLEEEEING.
  2399 | D:3      | Reached XP level 5. HP: 17/26 MP: 6/6
  2399 | D:3      | 2399 ||| FLEEEEING.
  2400 | D:3      | 2400 ||| FLEEEEING.
  2401 | D:3      | 2401 ||| FLEEEEING.
  2402 | D:3      | 2402 ||| FLEEEEING.
  2403 | D:3      | 2403 ||| FLEEEEING.
  2404 | D:3      | 2404 ||| FLEEEEING.
  2405 | D:3      | 2405 ||| FLEEEEING.
  2406 | D:3      | 2406 ||| FLEEEEING.
  2407 | D:3      | 2407 ||| FLEEEEING.
  2408 | D:3      | 2408 ||| FLEEEEING.
  2413 | D:3      | 2413 ||| FLEEEEING.
  2414 | D:3      | 2414 ||| FLEEEEING.
  2415 | D:3      | 2415 ||| FLEEEEING.
  2416 | D:3      | 2416 ||| FLEEEEING.
  2417 | D:3      | 2417 ||| FLEEEEING.
  2418 | D:3      | 2418 ||| FLEEEEING.
  2419 | D:3      | 2419 ||| FLEEEEING.
  2420 | D:3      | 2420 ||| FLEEEEING.
  2421 | D:3      | 2421 ||| FLEEEEING.
  2471 | D:3      | Identified the +1 dagger of Geash {flame, rN+}
  2705 | D:3      | 2705 ||| READING scroll labelled ZEIBLOUTIQ.
  2706 | D:3      | 2706 ||| READING scroll labelled EPNIUM LA GYLU.
  2706 | D:3      | Identified a scroll of acquirement
  2706 | D:3      | 2706 ||| ACQUIRING -2 hat of the Alchemist {rElec rPois rF+
                  | rC+ rN+ Will+ rMut rCorr}
  2706 | D:3      | Acquired the -2 hat of the Alchemist {rElec rPois rF+ rC+
                  | rN+ Will+ rMut rCorr}
  2706 | D:3      | Found the -2 hat of the Alchemist {rElec rPois rF+ rC+ rN+
                  | Will+ rMut rCorr}
  2708 | D:3      | 2708 ||| UPGRADING to -2 hat of the Alchemist {rElec rPois
                  | rF+ rC+ rN+ Will+ rMut rCorr}.
  2747 | D:4      | 2747 ||| PLANNING SEWER
  2758 | D:4      | Found a glowing drain.
  2770 | Sewer    | Entered a sewer
  3003 | Sewer    | HP: 3/26 [bullfrog (9)]
  3003 | Sewer    | Slain by a bullfrog

Levels and vault maps discovered:
D:1:      evilmike_arrival_home_sweet_home, layout_loops_ring, serial_rivers,
          chequers_serial_rivers_micro_b, chequers_serial_rivers_large_a,
          chequers_serial_rivers_marsh, chequers_serial_rivers_small_b,
          chequers_serial_rivers_micro_e, basic_ecumenical_altar
D:2:      layout_loops_cross, basic_altar, serial_co_window_serial,
          co_window_paths_b, co_window_cross_1, co_window_of_opportunity_a,
          co_window_corner_a, co_window_cross_1, co_window_paths_c,
          co_window_corner_b, co_window_corner_b, co_window_corner_b,
          co_window_corner_cb, co_window_of_opportunity_b, co_window_4corner_a,
          glass_columns_a, glass_columns_b, glass_columns_b, minmay_pentomino_v4
D:3:      layout_basic, serial_forest, infiniplex_forest_3_way,
          infiniplex_forest_clump_curved, infiniplex_forest_lined_corner,
          infiniplex_forest_corner_1, infiniplex_forest_end_3,
          infiniplex_forest_lined_2, infiniplex_forest_lined_1,
          kennysheep_nondescript, uniq_jessica
D:4:      layout_cave_pools, portal_sewer_entry_f,
          minmay_fractal_squares_diagonal_5
Sewer:    sewer_frog_island_01

Skill      XL: |  1  2  3  4 |
---------------+-------------+-----
Dodging        | 3 4 5 |  5.3
Ranged Weapons | 5 |  5.8
Fighting       | 2 |  2.0
Stealth        | |  1.5

Action                     |  1- 3 |  4- 6 || total
---------------------------+-------+-------++-------
   Fire: Shortbow          |    60 |   109 ||   169
    Use: Scroll            |     7 |     2 ||     9
 Armour: Robe              |     3 |    14 ||    17
  Dodge: Dodged            |     7 |    55 ||    62

Table legend:
 A = Non-vault XP
 B = Vault XP
 C = Vault XP percentage of total XP
 D = Non-vault monster count
 E = Vault monster count
 F = Vault count percentage of total count
                 A         B        C        D         E       F
            +---------+---------+-------+---------+---------+-------
      Total |     197 |     135 |  40.7 |      52 |      32 |  38.1
            +---------+---------+-------+---------+---------+-------
        D:1 |      25 |       0 |   0.0 |      14 |       0 |   0.0
        D:2 |      23 |       5 |  17.9 |      12 |       3 |  20.0
        D:3 |     136 |      37 |  21.4 |      25 |       1 |   3.8
        D:4 |      13 |       8 |  38.1 |       1 |       4 |  80.0
      Sewer |       0 |      85 | 100.0 |       0 |      24 | 100.0
            +---------+---------+-------+---------+---------+-------
